 Dungeon Crawl Stone Soup version 0.31-a0-986-g5e6e4ef867 (webtiles) character file.

Game seed: 656445003696838604

32 jasper the Trooper (level 3, -2/30 HPs)
             Began as a Demonspawn Cinder Acolyte on Nov 10, 2023.
             Was a High Priest of Ignis.
             Slain by a worm (8 damage)
             ... on level 2 of the Dungeon.
             The game lasted 00:01:23 (903 turns).

jasper the Trooper (Demonspawn Cinder Acolyte)       Turns: 903, Time: 00:01:23

Health: -2/30      AC:  2    Str: 16    XL:     3   Next: 10%
Magic:  4/4        EV:  9    Int: 15    God:    Ignis [*****.]
Gold:   13         SH:  6    Dex:  8    Spells: 4/4 levels left

rFire   + . .        a - -1 hand axe (flame)
rCold   . . .        f - +0 kite shield
rNeg    . . .        b - +0 robe
rPois   .            (no helmet)
rElec   .            (no cloak)
rCorr   .            (no gloves)
SInv    .            (no boots)
Will    .....        (no amulet)
Stlth   +            (no ring)
HPRegen 0.25/turn    (no ring)
MPRegen 0.18/turn

%: no passive effects
@: no status effects
A: magic regeneration
a: Renounce Religion, Fiery Armour, Foxfire Swarm, Rising Flame


You were on level 2 of the Dungeon.
You worshipped Ignis.
Ignis was extremely pleased with you.
You visited 1 branch of the dungeon, and saw 2 of its levels.

You collected 13 gold pieces.

Inventory:

Hand Weapons
 a - a -1 hand axe of flaming (weapon)
Missiles
 d - 14 stones
Armour
 b - a +0 robe (worn)
 f - a +0 kite shield (worn)
Talismans
 h - a granite talisman
Scrolls
 i - a scroll of identify
Potions
 g - 2 potions of brilliance
 j - a potion of might


   Skills:
 + Level 4.3 Fighting
 - Level 2.6 Axes
 - Level 1.0 Spellcasting
 - Level 2.6 Fire Magic


You had 4 spell levels left.
You didn't know any spells.
Your spell library contained the following spells:

 Spells                   Type           Power      Damage    Failure   Level
 Scorch                   Fire           16%        2d5       38%         2


Dungeon Overview and Level Annotations

Branches:
Dungeon (2/15)

Altars:


Innate Abilities, Weirdness & Mutations

You regenerate magic rapidly.


Message History

As you read the scroll labelled RONOF CIFRETEHELE, it crumbles to dust.
You hear the flapping of tiny wings.
It was a scroll of butterflies.
As you read the scroll labelled SABRIY ZIGOSCH, it crumbles to dust.
It is a scroll of identify.
g - 2 potions of brilliance
As you read the scroll of identify, it crumbles to dust.
j - a potion of might You swap places.
You swap places.
Your butterfly disappears in a burst of colours!
Your butterfly disappears in a burst of colours!
Your butterfly disappears in a burst of colours!
There is a stone staircase leading down here.
You climb downwards.
There is a stone staircase leading up here.
A worm comes into view.
A worm is nearby!
A worm is nearby!
An endoplasm comes into view.
The endoplasm quivers.
You hit the worm but do no damage. You hit the worm. You burn the worm.
The worm is lightly wounded.
The worm bites you!
You take 11 damage, and have 19/30 hp.
MASSIVE DAMAGE!!
You completely miss the worm.
The worm is lightly wounded.
The worm bites you!
* * * LOW HITPOINT WARNING * * *
The endoplasm freezes you.
You are frozen.
* * * LOW HITPOINT WARNING * * *
You take 13 damage, and have 6/30 hp.
MASSIVE DAMAGE!!
You barely miss the worm.
The worm is lightly wounded.
You hit the endoplasm. You burn the endoplasm. The endoplasm hits you.
* * * LOW HITPOINT WARNING * * *
You block the worm's attack. The worm attacks as it pursues you!
The worm bites you!
You die...

########
#......#
#......#
#......#
+.<....#
###......#
#....@...#
#....w.#####
#....J.....#
#..........#
#............
#............
##...........
#...........
#........###


You could see a worm and an endoplasm.

Vanquished Creatures
  2 ball pythons (D:1)
  2 endoplasms (D:1)
  2 giant cockroaches (D:1)
  4 goblins (D:1)
  6 jackals (D:1)
  2 quokkas (D:1)
  A bat (D:1)
  3 frilled lizards (D:1)
  4 kobolds (D:1)
  2 rats (D:1)
28 creatures vanquished.

Notes
Turn   | Place    | Note
-------+----------+-------------------------------------------
     0 | D:1      | jasper the Demonspawn Cinder Acolyte began the quest for
                  | the Orb.
     0 | D:1      | Reached XP level 1. HP: 18/18 MP: 2/2
    85 | D:1      | Gained mutation: You regenerate magic rapidly. [demonic
                  | ancestry]
    85 | D:1      | Reached XP level 2. HP: 23/24 MP: 3/3
   223 | D:1      | Reached skill level 4 in Fighting
   588 | D:1      | Reached XP level 3. HP: 28/30 MP: 4/4
   903 | D:2      | Slain by a worm

Illustrated notes

Levels and vault maps discovered:
D:1:      scummos_arrival_gate, layout_basic, skrybe_limestone_x
D:2:      layout_basic

Skill      XL: |  1  2 |
---------------+-------+-----
Fighting       | 4 |  4.3
Axes           | |  2.6
Spellcasting   | |  1.0
Fire Magic     | |  2.6

Action                     || total
---------------------------++-------
  Melee: Hand axe          ||    65
 Invoke: Fiery Armour      ||     1
    Use: Scroll            ||     4
 Armour: Robe              ||    45
  Dodge: Dodged            ||    37
  Block: Kite shield       ||    16

Table legend: (Time is in decaauts)
 A = Elapsed time spent in this place.
 B = Non-inter-level travel time spent in this place.
 C = Inter-level travel time spent in this place.
 D = Time resting spent in this place.
 E = Time spent auto-exploring this place.
 F = Levels seen in this place.
 G = Mean time per level.
                   A        B        C        D        E       F      G
               +--------+--------+--------+--------+--------+-----+--------+
         Total |    933 |    897 |     36 |      0 |    646 |   2 |  466.5 |
       Dungeon |    933 |    897 |     36 |      0 |    646 |   2 |  466.5 |
               +--------+--------+--------+--------+--------+-----+--------+

Top non-repeatable levels by time:
     D:1: 921 daAuts
     D:2: 12 daAuts
